 Dungeon Crawl Stone Soup version 0.19.5 (webtiles) character file.

51 tricornhat the Magician (level 3, 0/24 HPs)
             Began as a Demonspawn Wizard on Mar 21, 2017.
             Slain by a jackal (2 damage)
             ... on level 2 of the Dungeon.
             The game lasted 00:13:43 (2090 turns).

tricornhat the Magician (Demonspawn Wizard)         Turns: 2090, Time: 00:13:43

Health: 0/24       AC:  2    Str:  7    XL:     3   Next: 57%
Magic:  0/8        EV: 12    Int: 20    God:
Gold:   24         SH:  0    Dex: 11    Spells: 1 memorised, 9 levels left

rFire  . . .     SeeInvis .     a - +0 rapier
rCold  . . .     Gourm    .     j - +0 robe
rNeg   . . .     Faith    .     (no shield)
rPois  .         Spirit   .     b - +0 hat
rElec  .         Reflect  .     (no cloak)
rCorr  .         Harm     .     (no gloves)
MR     .....                    (no boots)
Stlth  ++........               (no amulet)
                                (no ring)
                                (no ring)

@: no status effects
A: antennae 1, claws 1
a: no special abilities


You were on level 2 of the Dungeon.
You were not hungry.

You visited 1 branch of the dungeon, and saw 2 of its levels.

You collected 24 gold pieces.

Inventory:

Hand Weapons
 a - a +0 rapier (weapon)
 o - a +0 dagger
Armour
 b - a +0 hat (worn)
 j - a +0 robe (worn)
Jewellery
 h - a +4 ring of strength {unknown}
Scrolls
 e - a scroll of fog {unknown}
 f - a scroll of identify {unknown}
 g - a scroll of magic mapping {unknown}
 k - a scroll of random uselessness {unknown}
Potions
 l - a potion of haste {unknown}
 m - a potion of curing {unknown}
Books
 c - a book of Minor Magic

   Spells                             Type                      Level
   a - Magic Dart                     Conjuration                  1
   b - Blink                          Translocation                2
   c - Call Imp                       Summoning                    2
   d - Repel Missiles                 Charms/Air                   2
   e - Slow                           Hexes                        2
   f - Conjure Flame                  Conjuration/Fire             3
   g - Mephitic Cloud                 Conjuration/Poison/Air       3
Comestibles
 d - 2 bread rations
 i - a meat ration


   Skills:
 + Level 0.1 Short Blades
 + Level 2.0 Dodging
 + Level 1.8 Stealth
 * Level 4.1 Spellcasting
 + Level 1.2 Conjurations
   Level 1.0 Summonings
   Level 0.8 Translocations


You had 9 spell levels left.
You knew the following spells:

 Your Spells              Type           Power        Failure   Level  Hunger
a - Magic Dart            Conj           #...         10%         1    None


Dungeon Overview and Level Annotations

Branches:
Dungeon (2/15)

Altars:


Innate Abilities, Weirdness & Mutations

You have a pair of small antennae on your head.
You have sharp fingernails.


Message History

Press: ? - help, Shift-Dir - straight line, f - jackal
Aim: a jackal (heavily wounded)
The magic dart hits the jackal.
The jackal is heavily wounded.
The jackal barely misses you.
The jackal bites you but does no damage.
The jackal barely misses you. The jackal misses you.
Casting: Magic Dart
Confirm with . or Enter, or press ? or * to list all spells.
Aiming: Magic Dart
Press: ? - help, Shift-Dir - straight line, f/p - jackal
Aim: a jackal (heavily wounded)
The magic dart hits the jackal.
The jackal is almost dead.
The jackal barely misses you.
The jackal bites you but does no damage.
The jackal barely misses you. The jackal bites you.
You die...

#. .# #.# .###.#.
#.# ..#.... #.#
.....# #.# .....#
#.# .....# #.#
.<...####.#
#######.#
.......##.#
#......#
........).######@#
#..............h.#
#.#.#...##########
#.##....#
#.###...# #.#
#...# #.# #...#
#.# #...# # #...#


You could see a jackal.

Vanquished Creatures
  A gnoll (D:1)
  2 dart slugs (D:1)
  A leopard gecko (D:1)
  2 bats (D:1)
  2 giant cockroaches
  4 goblins
  6 hobgoblins
  5 jackals
  3 kobolds
  A quokka (D:2)
  A ball python (D:1)
  3 frilled lizards (D:1)
  A rat (D:1)
32 creatures vanquished.

Notes
Turn   | Place    | Note
-------+----------+-------------------------------------------
     0 | D:1      | tricornhat the Demonspawn Wizard began the quest for the Orb.
     0 | D:1      | Reached XP level 1. HP: 13/13 MP: 4/4
   537 | D:1      | Gained mutation: You have a pair of small antennae on your head. [demonic ancestry]
   537 | D:1      | Reached XP level 2. HP: 16/19 MP: 0/6
  1014 | D:1      | Gained mutation: You have sharp fingernails. [demonic ancestry]
  1014 | D:1      | Reached XP level 3. HP: 15/24 MP: 1/8
  1641 | D:1      | Reached skill level 4 in Spellcasting
  2075 | D:2      | HP: 1/24 [jackal (1)]
  2090 | D:2      | Slain by a jackal

Skill      XL: |  1  2  3 |
---------------+----------+-----
Dodging        | 2 |  2.0
Spellcasting   | 4 |  4.1
Short Blades   | |  0.1
Stealth        | |  1.8
Conjurations   | |  1.2
Summonings     | |  1.0
Translocations | |  0.8

Action                   || total
-------------------------++-------
Melee: Unarmed           ||     3
       Dagger            ||    22
       Rapier            ||     5
 Cast: Magic Dart        ||   110
  Eat: Chunk             ||     3
Armor: Robe              ||    12
Dodge: Dodged            ||   107
